 Dungeon Crawl Stone Soup version 0.30.0-15-g856e2d3f33 (webtiles) character file.

Game seed: 940423380077185651

27 qw the Shield-Bearer (level 3, 0/23 HPs)
             Began as a Gargoyle Fighter on May 21, 2023.
             Slain by an orc wizard
             ... wielding a +0 dagger
              (2 damage)
             ... on level 2 of the Dungeon.
             The game lasted 00:00:28 (1593 turns).

qw the Shield-Bearer (Gargoyle Fighter)             Turns: 1593, Time: 00:00:29

Health: 0/23       AC: 13    Str: 21    XL:     3   Next: 10%
Magic:  3/3        EV:  7    Int:  8    God:
Gold:   68         SH:  4    Dex:  9    Spells: 2/2 levels left

rFire   . . .        Y - +0 war axe
rCold   . . .        c - +0 buckler
rNeg    + . .        n - +0 chain mail
rPois   inf          (no helmet)
rElec   +            (no cloak)
rCorr   +            (no gloves)
SInv    .            i - +0 pair of boots
Will    .....        (no amulet) Stlth
                     l - ring of resist corrosion
HPRegen 0.23/turn    (no ring)
MPRegen 0.08/turn

%: no passive effects
@: no status effects
A: sickness immunity, AC +3, negative energy resistance 1, electricity
resistance, torment resistance 1, petrification resistance
a: no special abilities


You were on level 2 of the Dungeon.
You visited 1 branch of the dungeon, and saw 2 of its levels.

You collected 68 gold pieces.


Innate Abilities, Weirdness & Mutations

You are immune to sickness and miasma.
Your stone body is resilient. (AC +3)
You are immune to poison.
You resist negative energy. (rN+)
You are resistant to electric shocks. (rElec)
You are resistant to unholy torment.
You are immune to petrification.


   Skills:
 - Level 3.2 Fighting
 + Level 3.1 Axes
 - Level 3.2 Armour
 - Level 3.2 Shields


You had 2 spell levels left.
You didn't know any spells.
Your spell library was empty.

Inventory:

Hand Weapons
 g - a +0 mace
 Y - a +0 war axe (weapon)
Missiles
 a - 4 boomerangs (quivered)
Armour
 c - a +0 buckler (worn)
 i - a +0 pair of boots (worn)
 n - a +0 chain mail (worn)
Jewellery
 l - a ring of resist corrosion (left hand)
Scrolls
 h - a scroll of enchant armour {unknown}
Potions
 b - a potion of haste {unknown}
 d - a potion of might
 e - a potion of brilliance {unknown}
 f - 4 potions of curing

Dungeon Overview and Level Annotations

Branches:
Dungeon (2/15)

Altars:


Message History

Increase (S)trength, (I)ntelligence, or (D)exterity?
You feel stronger. x2
You hit the orc but do no damage. You block the orc's attack.
The orc hits you but does no damage.
You barely miss the orc. The orc misses you.
You slash the orc!
You kill the orc!
The orc closely misses you.
You barely miss the orc. The orc hits you with a +0 war axe.
You hit the orc.
The orc is moderately wounded.
The orc barely misses you.
You hit the orc.
The orc is moderately wounded.
You barely miss the orc wizard.
The orc wizard gestures at you while chanting.
The magic dart hits you.
You hit the orc wizard but do no damage.
The orc wizard hits you but does no damage.
The orc wizard gestures wildly while chanting.
The orc wizard flickers and vanishes!
Deactivating autopickup; reactivate with Ctrl-A.
You barely miss something.
The orc throws a stone.
The stone barely misses you. Something hits you.
You barely miss something. Something hits you.
You slash something! Something completely misses you.
You hear some strange, mumbled words.
Something tries to affect you, but you resist.
You barely miss something.
You hear some strange, mumbled words.
A puff of flame appears from out of thin air!
The puff of flame hits you.
The orc throws a stone.
The stone closely misses you.
You hit something but do no damage. Something hits you.
You die...

...###........#
#...## ..##
##########
##...## .##
#####.....#####
..
#(.............
##
#.###.....####.
.######.####...##
..........###.##
.########.# #.#
#@# #.# #{#
#.####


oo. #....# #8.8#####.# #...# #.# ##'## #.# ... #.# ... ### You could see 2 orcs.

Vanquished Creatures
  A worm (D:2)
  3 orcs (D:2)
  3 ball pythons (D:1)
  An endoplasm (D:1)
  2 giant cockroaches (D:1)
  2 goblins
  A hobgoblin (D:1)
  2 frilled lizards
  2 kobolds
  5 rats (D:2)
22 creatures vanquished.

Notes
Turn   | Place    | Note
-------+----------+-------------------------------------------
     0 | D:1      | qw the Gargoyle Fighter began the quest for the Orb.
     0 | D:1      | Reached XP level 1. HP: 14/14 MP: 1/1
     0 | D:1      | 0 ||| qw: Version: 0.2-a-98-g16b38d9
     0 | D:1      | 0 ||| qw: Game counter: 25
     0 | D:1      | 0 ||| qw: Always use a shield: true
     0 | D:1      | 0 ||| qw: God list: Okawaru
     0 | D:1      | 0 ||| qw: Allow faded altars: false
     0 | D:1      | 0 ||| qw: Do Orc after D:15 true
     0 | D:1      | 0 ||| qw: Do second Lair branch before Depths: true
     0 | D:1      | 0 ||| qw: Lair rune preference: random
     0 | D:1      | 0 ||| qw: Plans: Normal, Zot:1-4, God:TSO, Crypt, Tomb,
                  | Pan, Slime:5, Hells, Abyss, Win
     0 | D:1      | 0 ||| PLANNING D:1-11
   381 | D:1      | Reached XP level 2. HP: 19/19 MP: 2/2
   563 | D:1      | 563 ||| Stepping ~*~*~tactically~*~*~ (hiding).
  1085 | D:1      | 1085 ||| UPGRADING to +0 pair of boots.
  1090 | D:1      | 1090 ||| UPGRADING to +0 chain mail.
  1100 | D:1      | 1100 ||| DROPPING +0 scale mail.
  1104 | D:1      | 1104 ||| DROPPING amulet of magic regeneration.
  1136 | D:1      | 1136 ||| UPGRADING to ring of resist corrosion.
  1137 | D:1      | 1137 ||| READING scroll labelled YCAXKA LITWUAS.
  1138 | D:1      | 1138 ||| READING scroll labelled WADEMMU FIE.
  1139 | D:1      | 1139 ||| READING scroll labelled ORATHO ZURPHE.
  1143 | D:1      | 1143 ||| READING scroll labelled WAGEIX PUNA.
  1144 | D:1      | 1144 ||| READING scroll labelled BAHIRAKKUURE.
  1156 | D:1      | 1156 ||| READING scroll labelled SAOF QEATO.
  1157 | D:1      | 1157 ||| DRINKING 4 white potions.
  1369 | D:2      | 1369 ||| Stepping ~*~*~tactically~*~*~ (hiding).
  1534 | D:2      | Reached skill level 3 in Axes
  1581 | D:2      | Reached XP level 3. HP: 17/23 MP: 3/3
  1592 | D:2      | HP: 1/23 [something/puff of flame (5)]
  1593 | D:2      | Slain by an orc wizard

Levels and vault maps discovered:
D:1:      dpeg_arrival_brainrot, layout_loops_ring, serial_forest,
          infiniplex_forest_straight_2, infiniplex_forest_end_2,
          infiniplex_forest_clump_cross, infiniplex_forest_end_3,
          infiniplex_forest_clump_cross, infiniplex_forest_straight_4
D:2:      layout_loops_ring, basic_ecumenical_altar, pf_guarded_unrand_delatra

Skill      XL: |  1  2 |
---------------+-------+-----
Axes           | 2 3 |  3.1
Fighting       | |  3.2
Armour         | |  3.2
Shields        | |  3.2

Action                     || total
---------------------------++-------
  Melee: War axe           ||    57
  Throw: Boomerang         ||     4
    Use: Scroll            ||     6
         Potion            ||     1
 Armour: Scale mail        ||     5
         Chain mail        ||    12
  Dodge: Dodged            ||    21
  Block: Buckler           ||     7

Table legend:
 A = Non-vault XP
 B = Vault XP
 C = Vault XP percentage of total XP
 D = Non-vault monster count
 E = Vault monster count
 F = Vault count percentage of total count
                 A         B        C        D         E       F
            +---------+---------+-------+---------+---------+-------
      Total |      30 |       9 |  23.1 |      19 |       3 |  13.6
            +---------+---------+-------+---------+---------+-------
        D:1 |      16 |       0 |   0.0 |      10 |       0 |   0.0
        D:2 |      14 |       9 |  39.1 |       9 |       3 |  25.0
            +---------+---------+-------+---------+---------+-------
